 Dungeon Crawl Stone Soup version 0.29.0 (webtiles) character file.

Game seed: 13474925415990695875

3 Orban the Magician (level 1, 14/15 HPs)
             Began as a Djinni Fire Elementalist on Sept 1, 2022.
             Quit the game on level 1 of the Dungeon.
             The game lasted 00:01:49 (459 turns).

Orban the Magician (Djinni Fire Elementalist)        Turns: 459, Time: 00:01:50

Health: 14/15      AC:  3    Str:  7    XL:     1   Next: 55%
Gold:   5          EV: 12    Int: 16    God:
                   SH:  0    Dex: 13

rFire   + + .      SeeInvis .   (no weapon)
rCold   x . .      Faith    .   (no shield)
rNeg    . . .      Spirit   .   a - +0 robe
rPois   ∞          Reflect  .   c - +0 helmet
rElec   .          Harm     .   (no cloak)
rCorr   .          Rampage  .   (no gloves)
Will    .....                   (boots unavailable)
Stlth   ++........              (no amulet)
HPRegen 0.05/turn               (no ring)
MPRegen 0.00/turn               (no ring)

@: flying
A: sickness immunity, fire resistance 2, cold vulnerability 1, float, innate
caster, HP casting, extra vitality 1
a: no special abilities


You were on level 1 of the Dungeon.
You visited 1 branch of the dungeon, and saw 1 of its levels.

You collected 5 gold pieces.

Inventory:

Hand Weapons
 h - a +0 short sword
Armour
 a - a +0 robe (worn)
 c - a +0 helmet (worn)
 i - a +0 helmet
Scrolls
 d - a scroll of immolation {unknown}
 e - a scroll of identify
Potions
 b - a potion of attraction {unknown}
 f - a potion of heal wounds {unknown}
 g - a potion of might {unknown}


   Skills:
 + Level 2.3 Dodging
 + Level 1.7 Stealth
 + Level 2.4 Spellcasting


You couldn't memorise any spells.
You knew the following spells:

 Your Spells              Type           Power      Damage    Failure   Level
a - Foxfire               Conj/Fire      36%        2x1d5     7%          1
b - Scorch                Fire           18%        2d6       11%         2
c - Conjure Flame         Conj/Fire      9%         6-21      22%         3
d - Inner Flame           Hex/Fire       9%         N/A       22%         3
e - Flame Wave            Conj/Fire      9%         2d6       56%         4
Your spell library was empty.

Dungeon Overview and Level Annotations

Branches:
Dungeon (1/15)

Altars:


Innate Abilities, Weirdness & Mutations

You are immune to sickness and miasma.
You are immune to poison.
Your flesh is very heat resistant. (rF++)
You are vulnerable to cold. (rC-)
You float through the air rather than walking.
You learn spells naturally, not from books.
Your magical power is your life essence.
You have superior vitality. (+4 MHP)


Message History

Unknown command.
Your foxfire dissipates!
The foxfire hits the frilled lizard.
You kill the frilled lizard!
Found 19 gold pieces.
A bat comes into view.
Really attack while wielding nothing? [Y]es or [N]o only, please.
Really attack while wielding nothing?
Okay, then.
Casting: Foxfire (safe; 8% risk of failure)
Confirm with . or Enter, or press ? or * to list all spells.
You conjure some foxfire!
The bat hits you but does no damage.
Your foxfire dissipates!
The foxfire hits the bat.
The bat is severely wounded.
The bat hits you but does no damage. The bat hits you but does no damage.
Casting: Foxfire (safe; 8% risk of failure)
Confirm with . or Enter, or press ? or * to list all spells.
You conjure some foxfire!
The foxfire hits the bat.
The bat is moderately wounded.
The bat hits you but does no damage. The bat attacks as you move away!
The bat barely misses you.
The foxfire hits the bat.
You kill the bat!
Found a whip.
Found a stone staircase leading down.
Found a helmet.
You see here a +0 whip.
You see here a +0 helmet.
i - a +0 helmet A hobgoblin comes into view.
Found a ring mail.
Casting: Foxfire (safe; 7% risk of failure)
Confirm with . or Enter, or press ? or * to list all spells.
You aren't experienced enough to cast this spell.
Unknown command.
Unknown command.
Are you sure you want to abandon this character and quit the game? (Confirm with "yes".)

### ##### ###########
#.. ...#####..........
#... #....##..........
#... #....##..........
#.... +....##..........
#....#+#.....)..........
#...........>...........
#........#####..........
+......@....#######...##
#.............. #...##
#####.......... ###...
#.......... #...
####....... #...
#g...... #... [......
#... ....... #... ####


You could see a hobgoblin.

Vanquished Creatures
  A hobgoblin (D:1)
  A bat (D:1)
  2 frilled lizards (D:1)
4 creatures vanquished.

Vanquished Creatures (others)
  12 foxfires (D:1)
12 creatures vanquished.

Grand Total: 16 creatures vanquished

Notes
Turn   | Place    | Note
-------+----------+-------------------------------------------
     0 | D:1      | Orban the Djinni Fire Elementalist began the quest for the
                  | Orb.
     0 | D:1      | Orban set off with the following spells memorised: Foxfire,
                  | Scorch, Conjure Flame, Inner Flame, Flame Wave.
     0 | D:1      | Reached XP level 1. HP: 15/15 MP: 0/0
    68 | D:1      | Found a faded altar of an unknown god.
   459 | D:1      | Quit the game

Illustrated notes

Levels and vault maps discovered:
D:1:      minmay_arrival_four_circles, layout_basic,
          hellmonk_ecumenical_altar_lost_god

Action                   || total
-------------------------++-------
Melee: Unarmed           ||     5
 Cast: Foxfire           ||     9
  Use: Scroll            ||     1
Armor: Robe              ||     7
Dodge: Dodged            ||     9
